 Dungeon Crawl Stone Soup version 0.17-a0-1174-ge06b3cc (webtiles) character file.

77 Hanyuu the Insei (level 4, -8/28 HPs)
             Began as an Octopode Transmuter on May 29, 2015.
             Killed from afar by Xoff's ghost (14 damage)
             ... with a flame tongue
             ... on level 3 of the Dungeon.
             The game lasted 00:04:51 (2260 turns).

Hanyuu the Insei (Octopode Transmuter)              Turns: 2260, Time: 00:04:52

Health: -8/28      AC:  2    Str:  9    XL:     4   Next: 34%
Magic:  2/7        EV: 19    Int: 16    God:
Gold:   26         SH:  0    Dex: 17    Spells: 3 memorised, 1 level left

rFire  . . .     SeeInvis .       - Unarmed
rCold  . . .     Clarity  .     (shield currently unavailable)
rNeg   + . .     SustAt   .     (helmet currently unavailable)
rPois  x         Gourm    .     m - amulet of regeneration
rElec  .         Spirit   .     l - ring of positive energy
rCorr  .         Warding  .     (no ring)
rMut   .         Stasis   .     (no ring)
MR     .....                    (no ring)
Stlth  ++........               (no ring)
                                (no ring)
                                (no ring)
                                (no ring)

@: spider-form, not resistant to hostile enchantments, unstealthy
A: almost no armour, amphibious, 8 rings, (constrict 8), (camouflage 0),
(gelatinous body 0)
a: End Transformation


You were on level 3 of the Dungeon.
You were not hungry.
You were a venomous arachnid creature.
You visited 1 branch of the dungeon, and saw 3 of its levels.

You collected 26 gold pieces.

Inventory:

Missiles
 a - 37 arrows
 g - 6 javelins (quivered)
Jewellery
 l - a ring of positive energy (left front leg)
 m - an amulet of regeneration (around neck)
Scrolls
 d - a scroll of recharging {unknown}
 i - a scroll of blinking {unknown}
 k - a scroll of amnesia {unknown}
 o - a scroll of identify {unknown}
 p - a scroll of remove curse {unknown}
 q - a scroll of enchant weapon {unknown}
 r - a scroll of fear {unknown}
Potions
 e - a potion of cure mutation {unknown}
 h - a potion of degeneration {unknown}
 j - a potion of lignification {unknown}
Books
 b - a book of Changes

   Spells                             Type                      Level
   a - Beastly Appendage              Transmutation                1
   b - Sticks to Snakes               Transmutation                2
   c - Spider Form                    Transmutation/Poison         3
   d - Ice Form                       Ice/Transmutation            4
   e - Blade Hands                    Transmutation                5
Comestibles
 c - 2 bread rations
 f - 2 beef jerkies
 n - a chunk of flesh


   Skills:
 + Level 1.3 Fighting
 - Level 2.0 Dodging
 + Level 4.8 Unarmed Combat
 - Level 2.0 Spellcasting
 - Level 2.0 Transmutations
 - Level 1.0 Poison Magic


You had one spell level left.
You knew the following spells:

 Your Spells              Type           Power        Failure   Level  Hunger
a - Beastly Appendage     Trmt           #.....       24%         1    #......
b - Sticks to Snakes      Trmt           #.........   32%         2    ###....
c - Spider Form           Trmt/Pois      #.........   56%         3    ###....


Dungeon Overview and Level Annotations

Branches:
Dungeon (3/15)

Altars:
Kikubaaqudgha
Sif Muna
Trog
Vehumet

Annotations:
D:3 Xoff's ghost, weakling DrFE


Innate Abilities, Weirdness & Mutations

You cannot wear most types of armour.
You are amphibious.
You can wear up to eight rings at the same time.
((You can use your tentacles to constrict eight enemies at once.))
((Your skin changes colour to match your surroundings (Stealth).))
((Your rubbery body absorbs attacks (AC +1).))


Message History

Xoff's ghost completely misses you.
You hit Xoff's ghost.
Xoff's ghost is almost destroyed.
Your transformation has ended.
Xoff's ghost closely misses you.
You barely miss Xoff's ghost.
Xoff's ghost is almost destroyed.
Xoff's ghost hits you.
Casting: Spider Form
Confirm with . or Enter, or press ? or * to list all spells.
You turn into a venomous arachnid creature.
Xoff's ghost points at you and mumbles some strange words.
The flame tongue hits you!
* * * LOW HITPOINT WARNING * * *
You hit Xoff's ghost but do no damage.
Xoff's ghost is almost destroyed.
Xoff's ghost points at you and mumbles some strange words.
The flame tongue hits you!
Ouch! That really hurt!
You die...

#.## ..# #.#.
..# #.#.##..#
....... # .....
###.##.#.#
.......#.####.#
#.<.sW...#
#.#.####.#
.....# ###.###
#. #. .. ..


You could see Xoff's ghost.

Vanquished Creatures
  2 adders (D:2)
  2 oozes
  2 worms (D:2)
  2 giant geckos
  2 hobgoblins (D:2)
  8 jackals
  2 quokkas (D:2)
  4 bats
  4 giant cockroaches (D:1)
  A giant newt (D:2)
  2 goblins
  2 kobolds (D:1)
  10 rats
43 creatures vanquished.

Notes
Turn   | Place    | Note
--------------------------------------------------------------
     0 | D:1      | Hanyuu the Octopode Transmuter began the quest for the Orb.
     0 | D:1      | Reached XP level 1. HP: 13/13 MP: 3/3
   350 | D:1      | Reached XP level 2. HP: 4/18 MP: 5/5
   970 | D:1      | Reached skill level 4 in Unarmed Combat
  1116 | D:1      | Reached XP level 3. HP: 19/23 MP: 6/6
  1120 | D:1      | Learned a level 2 spell: Sticks to Snakes
  1124 | D:1      | Learned a level 3 spell: Spider Form
  1705 | D:2      | Found an ancient bone altar of Kikubaaqudgha.
  1730 | D:2      | Reached XP level 4. HP: 13/28 MP: 7/7
  1827 | D:2      | Reached skill level 1 in Poison Magic
  2063 | D:2      | Found a deep blue altar of Sif Muna.
  2136 | D:2      | Found a bloodstained altar of Trog.
  2136 | D:2      | Found a radiant altar of Vehumet.
  2179 | D:3      | Noticed Xoff's ghost (weakling DrFE)
  2260 | D:3      | Killed from afar by Xoff's ghost

Vault maps used:
D:1:      dpeg_arrival_round_b, serial_corexii_hall, corexii_hall_statues_u,
          corexii_hall_statues_x, corexii_hall_statues_t, corexii_hall_statues_i
D:2:      nicolae_overflow_crystal_walls, lemuel_blue_sif_altar,
          amethyst_overflow_temple_binary, first_bread,
          minmay_misc_feat_secret_circle, minmay_bisected

Action                   |  1- 3 |  4- 6 || total
-------------------------+-------+-------++-------
Melee: Unarmed           |    77 |    55 ||   132
Throw: Javelin           |     4 |       ||     4
 Cast: Beastly Appendage |     2 |     2 ||     4
       Spider Form       |       |     3 ||     3
 Stab: Sleeping          |     5 |     2 ||     7
       Distracted        |     1 |       ||     1
  Eat: Chunk             |     3 |     2 ||     5
